AoeStats
← neozozevil45

Nomad

509532252Analyzed
4v4 RM · 5d ago on Sep 27, 2026· 48m 24s· 8 players
Game mode
Random Map
Map size
231×231
Population
200
Speed
Normal
Resources
Standard
Victory
Conquest
Starting age
Dark Age
Ending age
Imperial Age
RankedLock teamsTeams togetherTeam positionsShared explorationLock speedFull tech treeHidden civsTurbo modeCheats
Victory
Defeat
🇲🇽 Poles · Mexico
1074
+14
🇨🇳 Georgians · China
1070
+14
🇨🇳 Bohemians · China
1068
+14
🇨🇦 Japanese · Canada
1057
+14
🇲🇽 Vietnamese · Mexico
1083
-16
🇲🇽 Mongols · Mexico
1053
-15
🇲🇽 Chinese · Mexico
1024
-14
🇺🇸 Tupi · United States
934
-11
thegladiator989
3:32 Loom
14:14 Feudal Age
15:43 Wheelbarrow
15:03 Fishing Lines
19:15 Castle Age
17:35 Fletching
19:14 Double-Bit Axe
21:01 Town Watch
22:16 Pikeman
22:56 Squires
22:42 Gambesons
23:19 Forging
23:09 Scale Mail Armor
24:38 Gillnets
41:26 Medium Warships
kazama.johannes
4:03 Loom
14:07 Feudal Age
15:46 Horse Collar
15:52 Double-Bit Axe
23:00 Castle Age
25:30 Wheelbarrow
24:59 Heavy Plow
25:10 Bow Saw
28:56 Hand Cart
33:43 Imperial Age
32:07 Szlachta Privileges
32:14 Forging
32:51 Scale Barding Armor
33:35 Bloodlines
33:27 Husbandry
34:03 Iron Casting
34:29 Chain Barding Armor
33:51 Cavalier
34:56 Conscription
38:12 Blast Furnace
42:12 Gold Mining
45:13 Crop Rotation
Elvise177
4:30 Loom
16:06 Feudal Age
22:29 Castle Age
20:35 Double-Bit Axe
25:19 Bow Saw
25:00 Gold Mining
25:53 Horse Collar
27:46 Heavy Plow
33:01 Town Watch
40:52 Imperial Age
38:56 Bloodlines
38:46 Husbandry
41:01 Forging
40:57 Scale Barding Armor
43:28 Iron Casting
43:14 Chain Barding Armor
43:43 Conscription
44:23 Wheelbarrow
45:16 Blast Furnace
47:32 Elite Monaspa
Maggie Q
4:55 Loom
17:14 Feudal Age
26:00 Castle Age
25:55 Town Watch
29:53 Town Patrol
30:29 Wheelbarrow
31:19 Fishing Lines
33:11 Medium Warships
33:28 Hand Cart
37:05 Double-Bit Axe
39:59 Imperial Age
41:25 Chemistry
40:57 Gillnets
neozozevil45
3:43 Loom
16:26 Feudal Age
23:53 Castle Age
23:39 Fletching
23:50 Padded Archer Armor
33:37 Horse Collar
33:43 Double-Bit Axe
38:24 Imperial Age
37:10 Leather Archer Armor
36:51 Bodkin Arrow
36:45 Treadmill Crane
37:55 Wheelbarrow
39:19 Pikeman
40:00 Squires
39:46 Arson
41:47 Forging
41:37 Scale Mail Armor
41:38 Bracer
42:09 Ring Archer Armor
41:01 Halberdier
41:43 Squires
41:28 Arson
44:24 Iron Casting
44:05 Chain Mail Armor
45:22 Heavy Plow
45:32 Bow Saw
45:50 Conscription
NeessQuiick
14:27 Feudal Age
18:15 Scale Barding Armor
18:20 Forging
18:26 Forging
23:47 Castle Age
24:24 Stone Mining
48:29 Imperial Age
omarUMP
3:26 Loom
15:13 Feudal Age
21:01 Castle Age
19:51 Bloodlines
20:51 Forging
22:29 Iron Casting
24:00 Husbandry
24:10 Light Cavalry
26:51 Scale Barding Armor
30:32 Pikeman
33:52 Imperial Age
34:07 Wheelbarrow
33:26 Double-Bit Axe
34:42 Fletching
36:18 Halberdier
37:19 Murder Holes
40:46 Scale Mail Armor
Gustatro
3:27 Loom
14:46 Feudal Age
20:44 Castle Age
20:46 Fletching
41:59 Masonry
41:50 Murder Holes
Connection lost

Rejoining the realm…

Still unreachable

The connection could not be restored.

Session expired

The server has moved on; the page needs a fresh start.